 Dungeon Crawl Stone Soup version 0.30-a0-159-g068b764562 (webtiles) character file.

Game seed: 17082405272616231836

45773 Sobieck the Spry (level 14, -6/91 HPs)
             Began as a Kobold Gladiator on Sept 27, 2022.
             Was a Believer of Uskayaw.
             Mangled by an orc warrior
             ... wielding a +0 glaive
             ... led by an orc knight
              (22 damage)
             ... on level 2 of the Orcish Mines.
             The game lasted 01:00:33 (22033 turns).

Sobieck the Spry (Kobold Gladiator)                Turns: 22033, Time: 01:00:34

Health: -6/91      AC: 11    Str: 18    XL:     14   Next: 72%
Magic:  10/22      EV: 29    Int: 10    God:    Uskayaw [**....]
Gold:   1499       SH:  7    Dex: 20    Spells: 13/13 levels left

rFire   + . .      SeeInvis +    a - +5 quick blade (venom) {shortrare=g}
rCold   + . .      Faith    +    L - +0 buckler
rNeg    . . .      Spirit   .    b - +0 leather armour
rPois   .          Reflect  .    Z - +2 helmet {SInv}
rElec   .          Harm     .    C - scarf {rC+ rF+}
rCorr   .          Rampage  .    o - +1 pair of gloves
Will    +....                    N - +1 pair of boots
Stlth   +++++++...               E - amulet of faith {!P}
HPRegen 0.25/turn                z - +4 ring of evasion
MPRegen 0.18/turn                K - +6 ring of strength

@: no status effects
A: small, no large weapons, nightstalker 3
a: Renounce Religion, Stomp, Line Pass


You were on level 2 of the Orcish Mines.
You worshipped Uskayaw.
Uskayaw was aware of your devotion.
You visited 4 branches of the dungeon, and saw 18 of its levels.

You collected 1587 gold pieces.
You spent 88 gold pieces at shops.


Innate Abilities, Weirdness & Mutations

You are small and have problems with some larger weapons.
You are completely attuned to the shadows.


   Skills:
 + Level 11.7 Fighting
 - Level 8.0 Short Blades
 - Level 2.1 Throwing
 + Level 6.9 Armour
 + Level 15.3 Dodging
 - Level 14.0 Stealth
 - Level 5.0 Shields
 + Level 11.6 Invocations
 - Level 2.0 Evocations


You had 13 spell levels left.
You didn't know any spells.
Your spell library contained the following spells:

 Spells                   Type           Power      Damage    Failure   Level
 Shock                    Conj/Air       0%         1d3       54%         1
 Static Discharge         Conj/Air       0%         2-2/arc   67%         2
 Gell's Gravitas          Tloc           0%         N/A       88%         3
 Lesser Beckoning         Tloc           0%         N/A       88%         3
 Swiftness                Air            0%         N/A       88%         3
 Teleport Other           Tloc           0%         N/A       88%         3
 Tukima's Dance           Hex            0%         N/A       88%         3
 Airstrike                Air            0%         2d(0-16)  99%         4
 Passage of Golubria      Tloc           0%         N/A       99%         4
 Arcjolt                  Conj/Air       0%         1d10      100%        5
 Lightning Bolt           Conj/Air       0%         1d11      100%        5
 Yara's Violent Unravell  Hex/Tmut       0%         3d3       100%        5
 Maxwell's Capacitive Co  Air            0%         ∞         100%        8

Inventory:

Hand Weapons
 a - a +5 quick blade of venom (weapon) {shortrare=g}
   (You acquired it on level 3 of the Dungeon)
 l - a +1 rapier {short}
 n - a +3 rapier of venom {short}
   (You took it off Duvessa on level 4 of the Dungeon)
 w - a +1 dagger of draining {short}
   (You found it on level 3 of the Dungeon)
 x - a +0 spear {polearm}
   (You took it off a gnoll on level 3 of the Dungeon)
 A - a +1 vampiric whip {mace}
   (You took it off an orc priest on level 3 of the Dungeon)
Missiles
 d - 5 throwing nets {=f!fthrowing}
 e - 19 boomerangs {throwing}
 j - 2 atropa-tipped darts {throwing}
 B - 2 curare-tipped darts {=fthrowing}
 D - 30 poisoned darts (quivered) {throwing}
 S - 6 boomerangs of dispersal {=f!fthrowing}
Armour
 b - a +0 leather armour (worn)
 o - a +1 pair of gloves (worn)
   (You found it on level 8 of the Dungeon)
 C - a scarf of resistance (worn)
   (You found it on level 8 of the Dungeon)
 L - a +0 buckler (worn)
   (You found it on level 4 of the Dungeon)
 N - a +1 pair of boots (worn)
   (You found it on level 4 of the Dungeon)
 W - a +0 leather armour
   (You took it off an orc on level 6 of the Dungeon)
 X - a +0 leather armour
   (You took it off a gnoll bouda on level 5 of the Dungeon)
 Y - a +0 robe
   (You took it off a gnoll bouda on level 6 of the Dungeon)
 Z - a +2 helmet of see invisible (worn)
   (You found it on level 6 of the Dungeon)
Jewellery
 z - a +4 ring of evasion (left hand)
   (You found it on level 9 of the Dungeon)
 E - an amulet of faith (around neck) {!P}
   (You found it on level 5 of the Dungeon)
 J - a ring of wizardry
   (You found it on level 3 of the Dungeon)
 K - a +6 ring of strength (right hand)
   (You found it on level 4 of the Dungeon)
 R - a ring of flight
   (You found it on level 4 of the Dungeon)
 V - a ring of wizardry
   (You found it on level 5 of the Lair of Beasts)
Wands
 f - a wand of charming (11)
   (You found it on level 6 of the Dungeon)
 k - a wand of iceblast (9)
   (You found it on level 9 of the Dungeon)
 t - a wand of polymorph (16)
   (You found it on level 8 of the Dungeon)
 I - a wand of digging (16)
   (You took it off Maurice on level 9 of the Dungeon)
 M - a wand of flame (15)
   (You took it off Grinder on level 4 of the Dungeon)
 O - a wand of mindburst (7)
   (You found it on level 1 of the Lair of Beasts)
Scrolls
 p - a scroll of fear
 s - a scroll of fog
 u - 8 scrolls of identify {@r1}
 y - 9 scrolls of teleportation {@r4}
 F - a scroll of vulnerability {!r!r}
 G - a scroll of immolation {!r!r}
 H - 2 scrolls of magic mapping {!r}
 T - 2 scrolls of poison {!r}
Potions
 g - 2 potions of cancellation
 h - 4 potions of brilliance
 i - 3 potions of curing {@q1}
 m - 4 potions of flight
 q - 3 potions of mutation {!q}
 r - a potion of haste {@q3}
 P - a potion of resistance
 Q - 2 potions of attraction {!q}
 U - a potion of might

Dungeon Overview and Level Annotations

Branches:
Dungeon (10/15) Zot: 25914  Temple (1/1) D:5 Zot: 5900    Lair (5/5) D:8 Zot: 21651
 Shoals (0/4) Lair:2        Snake (0/4) Lair:3        Slime (0/5) Lair:5
    Orc (2/2) D:10 Zot: 10795     Elf (0/3) Orc:2

Altars:
Ashenzari
Cheibriados
Elyvilon
Fedhas
Gozag
Kikubaaqudgha
Makhleb
Nemelex Xobeh
Okawaru
Ru
Sif Muna
Trog
Uskayaw
Vehumet
Wu Jian
Xom
Yredelemnul
The Shining One

Shops:
D:3 *   D:10 :

Portals:
Ice
Cave: Orc:2

Annotations:
D:3 Terence
D:4 +3 rapier on uniqu
D:5 3 runed translucent doors
Lair:4 3 runed translucent doors
Lair:5 !death yaks, not cleared, exclusion: oklob plant
Orc:1 3 runed translucent doors

#........≈≈≈≈≈..
.#........≈#####.
.............≈#∩†...
.............≈#†....
..........##.≈#...≈#
#........###..#..≈#≈
###..)......###....#≈#
#.....o.......##..≈.##
#..o@.)...... ######
#............
.......#.....
..>...##.#... ......#
.......


You could see an orc high priest (strong, confused, extremely poisoned) and an
orc warrior (strong, poisoned).


Message History

Unknown command.
You barely miss the orc knight. The orc warrior misses you.
The orc warrior barely misses you.
The orc knight hits you with a +0 war axe!
Unknown command.
You hit the orc knight but do no damage.
The orc knight looks as sick as possible!
Unknown command.
You hit the orc warrior but do no damage.
The orc warrior is poisoned.
You block the orc warrior's attack.
Unknown command.
You hit the orc warrior.
The orc warrior completely misses you. x2
The orc knight roars a battlecry!
An orc high priest comes into view. It is wielding a +0 short sword.
Unknown command.
You closely miss the orc warrior. The orc warrior completely misses you.
Unknown command.
You hit the orc warrior but do no damage.
The orc warrior is poisoned.
Unknown command.
Unknown command.
You closely miss the orc knight. The orc warrior completely misses you.
The orc warrior closely misses you. The orc knight completely misses you.
Unknown command.
You closely miss the orc knight.
The orc warrior hits you with a +0 hand axe!
Unknown command.
You hit the orc knight.
The orc knight looks as sick as possible!
You block the orc warrior's attack. The orc warrior closely misses you.
You block the orc knight's attack.
Unknown command.
You hit the orc knight. The orc warrior barely misses you.
Unknown command.
You hit the orc knight but do no damage.
The orc knight looks as sick as possible!
Unknown command.
You hit the orc warrior but do no damage.
The orc warrior hits you from afar with a +0 glaive.
You block the orc warrior's attack.
Unknown command.
You hit the orc knight but do no damage.
The orc knight looks as sick as possible!
The orc warrior misses you.
Unknown command.
You hit the orc high priest.
The orc high priest is poisoned.
You can now pass through a line of other dancers.
You closely miss the orc high priest.
You kill the orc knight!
The orc warrior misses you. x2
The orc high priest completely misses you.
Unknown command.
Unknown command.
You puncture the orc high priest!
The orc high priest looks as sick as possible!
The orc warrior barely misses you.
Unknown command.
Aiming: Line Pass
Press: ? - help, Dir - move target The orc warrior appears confused. x2
You can no longer pass through a line of other dancers.
The orc warrior barely misses you.
Unknown command.
Unknown command.
You hit the orc warrior but do no damage.
Unknown command.
You strike the helpless orc warrior from behind!
You impale the orc warrior!!
You kill the orc warrior!
Unknown command.
You closely miss the orc high priest.
Unknown command.
You puncture the orc high priest! You block the orc warrior's attack.
The orc high priest calls down the wrath of Beogh upon you.
Pain shoots through your body!
You can now pass through a line of other dancers.
Unknown command.
You catch the helpless orc warrior completely off-guard!
You impale the orc warrior!!
You kill the orc warrior!
Unknown command.
You barely miss the orc high priest.
Unknown command.
You hit the orc high priest but do no damage.
You block the orc warrior's attack. The orc high priest closely misses you.
Unknown command.
You hit the orc high priest.
Unknown command.
Aiming: Line Pass
Press: ? - help, Dir - move target The orc high priest appears confused.
The orc warrior completely misses you.
Unknown command.
Unknown command.
The orc warrior hits you with a +0 glaive!!
* * * LOW HITPOINT WARNING * * *
The orc high priest closely misses you.
You hit the orc high priest but do no damage.
The orc high priest looks as sick as possible!
The orc warrior hits you with a +0 glaive!!
You die...

Skill      XL: |  1  2  3  4  5  6  7  8  9 10 11 12 13 14 |
---------------+-------------------------------------------+-----
Stealth        | 1 2 3 4 5 6 7 9 11 12 13 14 | 14.0
Short Blades   | 5 6 7 8 |  8.0
Dodging        | 4 6 8 10 12 13 14 15 | 15.3
Evocations     | 1 2 |  2.0
Armour         | 1 3 4 5 6 |  6.9
Fighting       | 3 4 6 7 8 10 11 | 11.7
Invocations    | 1 4 5 6 7 10 11 | 11.6
Shields        | 1 3 4 5 |  5.0
Throwing       | |  2.1

Action                   |  1- 3 |  4- 6 |  7- 9 | 10-12 | 13-15 || total
-------------------------+-------+-------+-------+-------+-------++-------
Melee: Rapier            |    45 |   107 |    61 |       |       ||   213
       Quick blade       |       |       |   236 |   717 |   909 ||  1862
Throw: Dart              |       |       |       |     1 |       ||     1
Invok: Line Pass         |       |       |     4 |    12 |    17 ||    33
       Grand Finale      |       |       |       |     1 |       ||     1
       Stomp             |       |       |       |     1 |    26 ||    27
  Use: Scroll            |       |       |    19 |     6 |     9 ||    34
       Potion            |       |       |     1 |     6 |     6 ||    13
 Stab: Sleeping          |    12 |    26 |    26 |    43 |    33 ||   140
       Confused          |       |       |     3 |     3 |    11 ||    17
       Paralysed         |       |       |     9 |    23 |    34 ||    66
       Distracted        |       |       |     1 |     3 |     5 ||     9
Armor: Leather armour    |     8 |     8 |    24 |    28 |    35 ||   103
Dodge: Dodged            |    19 |    50 |    85 |   349 |   414 ||   917
Block: Buckler           |       |       |    33 |   102 |   153 ||   288

Levels and vault maps discovered:
D:1:      wander_arrival_fairy_ring, layout_basic
D:2:      layout_basic, ebering_ecumenical_altar_petrified
D:3:      layout_loops_ring, mainiacjoe_overflow_six_doors_small,
          nzn_wu_jian_contemplation, serial_shops, nicolae_shop_crystal,
          gup_sewer_entry_bubbles, uniq_terence
D:4:      layout_cave_pools, uniq_duvessa, uniq_grinder
D:5:      layout_basic, temple_doors_e, ebering_ghost_gozag,
          kennysheep_small_square, uniq_menkaure
D:6:      layout_loops_ring
D:7:      layout_rooms, chequers_temple_overflow_statue_of_worship,
          nicolae_fountain_basement
D:8:      layout_basic, lair_entry_dummy, uniq_pikel
D:9:      layout_loops_ring, slow_altar_2, nicolae_figureground_sparkle,
          uniq_maurice
D:10:     layout_roguey, erik_orc_1, serial_undead, serial_undead_b,
          serial_undead_d, serial_undead_d, serial_undead_c, serial_shops, shop,
          minmay_misc_feat_four_crosses, grunt_ministairs_11
Temple:   nicolae_temple_bog_church
Lair:1:   layout_cave_pods, grunt_megastairs_2, lemuel_fruit_tree
Lair:2:   layout_regular_city, elwin_shoals_entry_rooms, roderic_batcave,
          nicolae_lair_lindhole, grunt_megastairs_3, lemuel_fruit_fields,
          uniq_nergalle, uniq_amaemon
Lair:3:   layout_cave_pods, guppyfry_snake_entry_garden
Lair:4:   layout_hall_layers, gammafunk_ghost_icy, infiniplex_staircase_pool
Lair:5:   hangedman_lair_tendril_chambers, layout_regular_city, wormcave,
          minmay_slime_entry_jelly_boxes, minivault_25, minmay_lair_oklob_bushes
Orc:1:    layout_caves, gammafunk_ghost_split
Orc:2:    st_orc_mages, layout_diamond_mine, portal_ice_cave_rime,
          nicolae_orc_pool_cavern, bh_open_orc_temple, uniq_josephine

Notes
Turn   | Place    | Note
-------+----------+-------------------------------------------
     0 | D:1      | Sobieck the Kobold Gladiator began the quest for the Orb.
     0 | D:1      | Reached XP level 1. HP: 12/12 MP: 1/1
   143 | D:1      | Reached skill level 1 in Stealth
   329 | D:1      | Reached XP level 2. HP: 17/17 MP: 2/2
   562 | D:1      | Reached skill level 2 in Stealth
   999 | D:2      | Found a faded altar of an unknown god.
  1178 | D:2      | Reached XP level 3. HP: 21/21 MP: 3/3
  1228 | D:2      | Reached skill level 5 in Short Blades
  1228 | D:2      | Reached skill level 3 in Stealth
  1353 | D:2      | You pick up a book of Air and begin reading...
  1353 | D:2      | You add the spells Shock, Swiftness and Airstrike to your
                  | library.
  1392 | D:2      | Reached XP level 4. HP: 26/26 MP: 4/4
  1935 | D:3      | Reached skill level 4 in Stealth
  1945 | D:3      | Reached XP level 5. HP: 17/30 MP: 5/5
  2265 | D:3      | Reached skill level 6 in Short Blades
  2375 | D:3      | Found a white marble altar of Elyvilon.
  2506 | D:3      | Reached skill level 5 in Stealth
  2556 | D:3      | You pick up a book of Displacement and begin reading...
  2556 | D:3      | You add the spells Lesser Beckoning, Gell's Gravitas and
                  | Teleport Other to your library.
  2571 | D:3      | You pick up a book of Lightning and begin reading...
  2571 | D:3      | You add the spells Static Discharge, Lightning Bolt,
                  | Arcjolt and Maxwell's Capacitive Coupling to your library.
  2572 | D:3      | Noticed Terence
  2673 | D:3      | Found Biyciul's General Store.
  2684 | D:3      | Bought a scroll of vulnerability for 44 gold pieces
  2684 | D:3      | Bought a potion of degeneration for 11 gold pieces
  2684 | D:3      | Bought a scroll of teleportation for 33 gold pieces
  2920 | D:3      | Reached XP level 6. HP: 35/35 MP: 6/6
  3019 | D:3      | Found an ornate altar of the Wu Jian Council.
  3123 | D:4      | Noticed Grinder
  3199 | D:4      | Paralysed by Grinder for 5 turns
  3207 | D:4      | Killed Grinder
  3208 | D:4      | Reached skill level 7 in Short Blades
  3208 | D:4      | Reached skill level 4 in Dodging
  3208 | D:4      | Reached skill level 1 in Evocations
  3208 | D:4      | Reached XP level 7. HP: 11/40 MP: 7/7
  3618 | D:4      | Reached skill level 1 in Armour
  3703 | D:4      | Noticed Duvessa
  3703 | D:4      | Noticed Dowan
  3723 | D:4      | You add the spells Tukima's Dance, Passage of Golubria and
                  | Yara's Violent Unravelling to your library.
  3781 | D:4      | Reached skill level 2 in Evocations
  3787 | D:4      | Reached skill level 3 in Fighting
  4107 | D:5      | Entered Level 5 of the Dungeon
  4112 | D:5      | Reached skill level 6 in Stealth
  4446 | D:5      | Found a runed translucent gate.
  4446 | D:5      | Found a runed translucent gate.
  4446 | D:5      | Found a runed translucent gate.
  4448 | D:5      | Found an opulent altar of Gozag.
  4532 | D:5      | Noticed Menkaure
  4565 | D:4      | Reached XP level 8. HP: 37/46 MP: 8/8
  4692 | D:3      | Identified a scroll of acquirement
  4692 | D:3      | Acquired a +3 quick blade of venom
  4693 | D:3      | l - a +3 quick blade of venom {shortrare=g}
  4694 | D:3      | l - a +3 quick blade of venom {shortrare=g}
  4694 | D:3      | a - a +3 quick blade of venom {shortrare=g}
  4694 | D:3      | your +3 quick blade of venom {shortrare=g} begins to drip
                  | with poison!
  4694 | D:3      | a - a +3 quick blade of venom (weapon) {shortrare=g}
  4734 | D:4      | Killed Duvessa
  4735 | D:4      | Reached skill level 8 in Short Blades
  4735 | D:4      | Reached skill level 5 in Dodging
  4746 | D:4      | Killed Dowan
  4747 | D:4      | Reached skill level 4 in Fighting
  4956 | D:4      | your +3 quick blade of venom {shortrare=g} glows red for a
                  | moment.
  4957 | D:4      | Your damage rating with your +4 quick blade of venom
                  | {shortrare=g} is about 9 (Base 4 x 120% (Dex) x 123%
                  | (Skill) + 4 (Ench)) + Venom.
  5171 | D:5      | Reached skill level 7 in Stealth
  5479 | D:5      | Found a staircase to the Ecumenical Temple.
  5484 | Temple   | Entered the Ecumenical Temple
  5566 | Temple   | Became a worshipper of Uskayaw the Reveller
  5604 | D:5      | Reached * piety under Uskayaw
  5607 | D:5      | Reached ** piety under Uskayaw
  5609 | D:5      | Killed Menkaure
  5610 | D:5      | Reached skill level 6 in Dodging
  5852 | D:5      | Noticed a two-headed ogre
  6080 | D:6      | Reached skill level 1 in Invocations
  6374 | D:6      | Reached skill level 1 in Shields
  6380 | D:6      | Reached XP level 9. HP: 52/52 MP: 4/10
  6383 | D:6      | Reached *** piety under Uskayaw
  6385 | D:6      | Reached **** piety under Uskayaw
  6387 | D:6      | Reached ***** piety under Uskayaw
  6388 | D:6      | Reached skill level 2 in Armour
  6388 | D:6      | Reached skill level 2 in Invocations
  6400 | D:6      | Reached ****** piety under Uskayaw
  6542 | D:6      | Reached skill level 8 in Stealth
  6574 | D:6      | Reached skill level 5 in Fighting
  6574 | D:6      | Reached skill level 2 in Shields
  6680 | D:6      | Reached skill level 7 in Dodging
  6760 | D:6      | Reached skill level 3 in Invocations
  7185 | D:7      | You pick up a book of Displacement and begin reading...
  7325 | D:7      | Found a shimmering blue altar of Sif Muna.
  7368 | D:7      | Found a glowing golden altar of the Shining One.
  7560 | D:6      | Reached skill level 3 in Armour
  7726 | D:8      | Reached skill level 9 in Stealth
  7750 | D:8      | Noticed Pikel
  7761 | D:8      | Killed Pikel
  7762 | D:8      | Reached skill level 6 in Fighting
  7762 | D:8      | Reached skill level 8 in Dodging
  7762 | D:8      | Reached skill level 3 in Shields
  7762 | D:8      | Reached skill level 4 in Invocations
  7762 | D:8      | Reached XP level 10. HP: 60/60 MP: 11/13
  8039 | D:8      | Noticed a two-headed ogre
  8830 | D:8      | Found a staircase to the Lair.
  9183 | D:8      | Killed a two-headed ogre
  9184 | D:8      | Reached skill level 9 in Dodging
  9184 | D:8      | Reached skill level 10 in Stealth
  9184 | D:8      | Reached skill level 5 in Invocations
  9667 | D:9      | Reached skill level 11 in Stealth
  9710 | D:9      | Reached skill level 10 in Dodging
  9737 | D:9      | Reached XP level 11. HP: 44/64 MP: 14/14
  9739 | D:9      | Reached skill level 11 in Dodging
 10192 | D:9      | Noticed Maurice
 10196 | D:9      | Killed Maurice
 10271 | D:9      | Found a snail-covered altar of Cheibriados.
 10555 | D:10     | Entered Level 10 of the Dungeon
 10767 | D:10     | Reached skill level 4 in Armour
 10773 | D:10     | Reached skill level 7 in Fighting
 10773 | D:10     | Found a staircase to the Orcish Mines.
 10997 | D:10     | Found Rusmacie's Book Shoppe.
 11072 | D:10     | Reached skill level 12 in Stealth
 11414 | D:10     | HP: 14/67 [vampire (11)]
 11417 | D:10     | HP: 5/67 [vampire/vampiric draining (10)]
 11700 | Lair:1   | Entered Level 1 of the Lair of Beasts
 11998 | Lair:1   | Reached skill level 4 in Shields
 12012 | Lair:1   | Reached skill level 12 in Dodging
 12012 | Lair:1   | Reached skill level 6 in Invocations
 12012 | Lair:1   | Reached XP level 12. HP: 72/72 MP: 16/16
 12948 | Lair:1   | Reached skill level 8 in Fighting
 12948 | Lair:1   | Reached skill level 5 in Armour
 13101 | Lair:1   | HP: 16/73 [komodo dragon (24)]
 13115 | Lair:1   | Reached skill level 13 in Stealth
 13589 | Lair:2   | Noticed Nergalle
 13593 | Lair:2   | Killed Nergalle
 13594 | Lair:2   | Reached skill level 7 in Invocations
 13610 | Lair:2   | Noticed Amaemon
 13616 | Lair:2   | Killed Amaemon
 13617 | Lair:2   | Reached skill level 5 in Shields
 13814 | Lair:2   | Found a staircase to the Shoals.
 14053 | Lair:2   | Reached skill level 13 in Dodging
 14053 | Lair:2   | Reached XP level 13. HP: 80/80 MP: 9/18
 14138 | Lair:2   | Reached skill level 9 in Fighting
 14609 | Lair:2   | Reached skill level 8 in Invocations
 14814 | Lair:2   | Reached skill level 14 in Stealth
 15736 | Lair:3   | Found a staircase to the Snake Pit.
 16090 | Lair:4   | Found a runed translucent gate.
 16091 | Lair:4   | Found a runed translucent gate.
 16096 | Lair:4   | Found a runed translucent gate.
 16585 | Lair:4   | Reached skill level 10 in Fighting
 16585 | Lair:4   | Reached skill level 9 in Invocations
 16977 | Lair:5   | Entered Level 5 of the Lair of Beasts
 16990 | Lair:5   | Reached skill level 14 in Dodging
 17213 | Lair:5   | Found a runed translucent door.
 17214 | Lair:5   | Noticed a fire dragon
 17230 | Lair:5   | Killed a fire dragon
 17231 | Lair:5   | Reached skill level 10 in Invocations
 17377 | Lair:5   | Paralysed by a hornet for 2 turns
 17381 | Lair:5   | HP: 11/82 [hornet (13)]
 17552 | Lair:5   | HP: 7/82 [lindwurm/blast of flame (17)]
 18088 | Lair:5   | your +4 quick blade of venom {shortrare=g} glows red for a
                  | moment.
 18192 | Lair:5   | Found a staircase to the Slime Pits.
 18229 | Lair:5   | Noticed a six-headed hydra
 18230 | Lair:5   | HP: 20/83 [wyvern (7)]
 18233 | Lair:5   | Reached XP level 14. HP: 17/88 MP: 6/21
 18235 | Lair:5   | HP: 9/88 [poisoned by a redback]
 18807 | Lair:5   | Paralysed by a hornet for 1 turns
 18823 | Lair:5   | Your damage rating with your +5 quick blade of venom
                  | {shortrare=g} is about 11 (Base 4 x 125% (Dex) x 136%
                  | (Skill) + 5 (Ench)) + Venom.
 19033 | Lair:5   | Reached skill level 6 in Armour
 19138 | Lair:5   | Reached skill level 11 in Fighting
 19153 | Lair:5   | Reached skill level 11 in Invocations
 19524 | Lair:5   | Reached skill level 15 in Dodging
 20746 | Orc:1    | Entered Level 1 of the Orcish Mines
 21040 | Orc:1    | Found a runed translucent gate.
 21041 | Orc:1    | Found a runed translucent gate.
 21317 | Orc:1    | Found a runed translucent gate.
 21432 | Orc:2    | Entered Level 2 of the Orcish Mines
 21525 | Orc:2    | HP: 19/90 [orc priest/nerve-wracking pain (10)]
 21526 | Orc:2    | HP: 8/90 [orc priest/divine providence (11)]
 21945 | Orc:2    | Found a frozen archway.
 21996 | Orc:2    | Found a staircase to the Elven Halls.
 22032 | Orc:2    | HP: 16/91 [orc warrior/+0 glaive[an orc knight] (32)]
 22033 | Orc:2    | Mangled by an orc warrior

Vanquished Creatures
  An ettin (Orc:2)
  A fire dragon (Lair:5)
  2 hydras (Lair:5)
  A catoblepas (Lair:4)
  A death yak (Lair:4)
  2 two-headed ogres
  Nergalle (Lair:2)
  Amaemon (Lair:2)
  5 lindwurms
  Pikel (D:8)
  An orc knight (Orc:2)
  A cyclops (Orc:1)
  9 elephants
  2 centaur zombies (D:10)
  Maurice (D:9)
  6 black mambas
  7 torpor snails
  10 cane toads
  An orange demon (Lair:2)
  3 rime drakes
  A kobold demonologist (D:10)
  An unseen horror zombie (D:10)
  10 komodo dragons
  A troll (Orc:1)
  2 tyrant leeches
  8 hornets (Lair:5)
  Grinder (D:4)
  4 blink frogs (Lair:5)
  2 vampires (D:10)
  2 wraiths
  16 wyverns
  33 yaks
  2 basilisks (Lair:2)
  A redback (Lair:5)
  3 vampire mosquitoes (D:9)
  A naga (Lair:3)
  Menkaure (D:5)
  2 steam dragons
  Duvessa (D:4)
  21 water moccasins
  A swamp drake (D:10)
  15 orc warriors
  An ice beast (D:6)
  3 black bears
  A lemure (D:8)
  14 wolves
  A phantom (D:6)
  3 kobold brigands
  13 bullfrogs
  2 scorpions
  3 necrophages
  8 wights (D:6)
  Dowan (D:4)
  6 killer bees
  3 vampire bats (Lair:2)
  4 howler monkeys
  5 hounds
  2 gnoll boudas
  11 orc priests
  An iron imp (D:9)
  13 jellies
  7 iguanas
  9 orc wizards
  7 hell rats (Lair:1)
  A howler monkey zombie (D:10)
  10 gnolls
  13 adders
  A river rat (D:3)
  2 white imps
  An ufetubus (D:5)
  A worm (D:3)
  3 dart slugs (D:3)
  52 orcs
  6 ball pythons
  7 endoplasms
  5 giant cockroaches
  5 goblins
  7 hobgoblins
  3 jackals (D:4)
  20 kobolds
  2 quokkas
  10 bats
  7 frilled lizards
  4 rats
464 creatures vanquished.

Vanquished Creatures (others)
  4 bushes (Lair:5)
  38 fungi
  90 plants
132 creatures vanquished.

Grand Total: 596 creatures vanquished

Table legend:
 A = Non-vault XP
 B = Vault XP
 C = Vault XP percentage of total XP
 D = Non-vault monster count
 E = Vault monster count
 F = Vault count percentage of total count
                 A         B        C        D         E       F
            +---------+---------+-------+---------+---------+-------
      Total |   43253 |   22138 |  33.9 |     345 |     118 |  25.5
            +---------+---------+-------+---------+---------+-------
        D:1 |      22 |       0 |   0.0 |      14 |       0 |   0.0
        D:2 |      71 |       0 |   0.0 |      17 |       0 |   0.0
        D:3 |     163 |      37 |  18.5 |      27 |       6 |  18.2
        D:4 |     289 |     500 |  63.4 |      18 |       3 |  14.3
        D:5 |     389 |     174 |  30.9 |      13 |       2 |  13.3
        D:6 |    1464 |     105 |   6.7 |      31 |       1 |   3.1
        D:7 |     407 |     173 |  29.8 |       6 |       2 |  25.0
        D:8 |    1415 |     663 |  31.9 |      25 |       1 |   3.8
        D:9 |    4509 |     497 |   9.9 |      34 |       2 |   5.6
       D:10 |     711 |    2099 |  74.7 |       9 |      24 |  72.7
     Lair:1 |    6587 |     681 |   9.4 |      33 |       2 |   5.7
     Lair:2 |    3651 |    4713 |  56.3 |      14 |      16 |  53.3
     Lair:3 |    2139 |     176 |   7.6 |      11 |       1 |   8.3
     Lair:4 |    6321 |     571 |   8.3 |      23 |       4 |  14.8
     Lair:5 |   10382 |   10669 |  50.7 |      34 |      44 |  56.4
      Orc:1 |    2605 |       0 |   0.0 |      25 |       0 |   0.0
      Orc:2 |    2128 |    1080 |  33.7 |      11 |      10 |  47.6
            +---------+---------+-------+---------+---------+-------

Illustrated notes

Table legend:
 A = Kills in this place as a percentage of kills in entire the game.
 B = Kills by you in this place as a percentage of kills by you in the entire game.
 C = Kills by friends in this place as a percentage of kills by friends in the entire game.
 D = Other kills in this place as a percentage of other kills in the entire game.
 E = Experience gained in this place as a percentage of experience gained in the entire game.
 F = Experience gained in this place divided by the number of levels of this place that you have seen.
                   A       B       C       D       E      F
               +-------+-------+-------+-------+-------+----------------------
         Total | 100.0 | 100.0 |   N/A | 100.0 | 100.0 | 3632.8
       Dungeon |  50.8 |  50.8 |   N/A |  50.0 |  20.9 | 1368.8
          Lair |  39.3 |  39.7 |   N/A |   0.0 |  70.2 | 9178.0
  Orcish Mines |   9.9 |   9.6 |   N/A |  50.0 |   8.9 | 2906.5
               +-------+-------+-------+-------+-------+----------------------

Table legend: (Time is in decaauts)
 A = Elapsed time spent in this place.
 B = Non-inter-level travel time spent in this place.
 C = Inter-level travel time spent in this place.
 D = Time resting spent in this place.
 E = Time spent auto-exploring this place.
 F = Levels seen in this place.
 G = Mean time per level.
                   A        B        C        D        E       F      G
               +--------+--------+--------+--------+--------+-----+--------+
         Total |  20913 |  20014 |    899 |   4646 |  11582 |  18 | 1161.8 |
       Dungeon |  11261 |  10557 |    704 |   1467 |   7231 |  10 | 1126.1 |
        Temple |     99 |     86 |     13 |      0 |     67 |   1 |   99.0 |
          Lair |   8348 |   8189 |    159 |   2819 |   3767 |   5 | 1669.6 |
  Orcish Mines |   1203 |   1181 |     22 |    360 |    517 |   2 |  601.5 |
               +--------+--------+--------+--------+--------+-----+--------+

Top non-repeatable levels by time:
  Lair:4: 2464 daAuts
  Lair:1: 1792 daAuts
  Lair:5: 1717 daAuts
     D:8: 1558 daAuts
     D:3: 1467 daAuts
     D:9: 1354 daAuts
     D:5: 1329 daAuts
  Lair:3: 1249 daAuts
     D:4: 1203 daAuts
  Lair:2: 1125 daAuts
     D:6: 1044 daAuts
     D:2: 980 daAuts
     D:1: 885 daAuts
    D:10: 831 daAuts
   Orc:1: 647 daAuts
